Map: Mech Depot LE

Players

Kain - Winner!

  • Race: Zerg Zerg
  • League: Silver
  • Spawn Location: 1:00

Juxtapose

  • Race: Protoss Protoss
  • League: Silver
  • Spawn Location: 7:00

VOD

https://youtu.be/9Ieel3HIq5g

Description

My opponent was just better than me, plain as day. He was a good guy though, and this was a fun match despite the fact that I was outclassed.

Time

  • Played on: July 25, 2017, 7:10 p.m.
  • Length: 15:48
Show
View Real Time Build Order
Export as new Build Order

Kain Zerg - Winner!

Build Orders: Hatch First 

Get SALT Encoding   

  12  0:01  Drone  
  13  0:13  Drone  
  14  0:16  Overlord  
  14  0:35  Drone x3  
  17  0:57  Hatchery  
  17  0:59  Drone  
  17  1:00  Drone  
  18  1:05  Extractor  
  18  1:08  Drone  
  18  1:18  Drone  
  19  1:31  Spawning Pool  
  18  1:36  Drone  
  19  1:41  Drone  
  20  1:52  Drone  
  21  2:05  Overlord  
  21  2:16  Overlord  
  21  2:20  Queen x2  
  21  2:22  Metabolic Boost  
  25  2:24  Drone  
  25  2:25  Drone  
  25  2:29  Drone  
  28  2:40  Drone  
  28  2:41  Drone  
  30  2:48  Drone x2  
  32  3:02  Queen x2  
  32  3:04  Overlord  
  36  3:07  Drone x2  
  36  3:09  Drone  
  39  3:16  Drone  
  39  3:17  Overlord  
  40  3:33  Overlord  
  40  3:36  Overlord  
  40  3:38  Zergling x2  
  40  3:40  Zergling x2  
  42  3:44  Hatchery  
  41  3:49  Queen  
  41  3:50  Pneumatized Carapace  
  44  3:55  Drone  
  44  3:56  Drone x2  
  44  3:59  Drone  
  44  4:00  Drone x2  
  49  4:03  Extractor  
  49  4:06  Overlord  
  48  4:19  Drone x3  
  51  4:26  Evolution Chamber  
  51  4:27  Evolution Chamber  
  49  4:40  Drone  
  49  4:41  Drone x10  
  49  4:45  Spore Crawler  
  59  4:46  Spore Crawler  
  58  4:53  Zerg Ground Armor Level 1, Zerg Missile Weapons Level 1  
  57  5:23  Lair  
  57  5:27  Roach Warren  
  56  5:37  Drone  
  56  5:38  Drone  
  56  5:39  Drone x3  
  56  5:42  Drone x2, Extractor  
  62  5:43  Extractor  
  62  5:45  Spore Crawler  
  62  5:47  Drone x2  
  62  5:48  Drone x2, Spore Crawler  
  62  5:49  Drone x2  
  65  5:50  Drone x2  
  65  5:52  Overlord x2  
  65  5:56  Queen  
  69  6:07  Drone  
  69  6:08  Drone  
  69  6:11  Drone x3, Extractor  
  74  6:12  Overlord x2  
  74  6:17  Drone, Extractor  
  73  6:22  Hatchery  
  73  6:24  Drone x3  
  75  6:34  Queen  
  77  6:45  Hydralisk Den  
  76  6:48  Zerg Ground Armor Level 2, Zerg Missile Weapons Level 2  
  76  6:53  Drone  
  76  6:54  Drone x3  
  79  6:59  Drone x2  
  82  7:15  Spore Crawler, Hatchery  
  82  7:18  Hydralisk x2  
  82  7:19  Hydralisk x4  
  82  7:20  Roach  
  82  7:21  Roach x7  
  108  7:24  Muscular Augments  
  108  7:32  Roach, Hydralisk x4  
  108  7:33  Roach x2, Infestation Pit  
  121  7:41  Drone x3  
  124  7:57  Extractor  
  123  8:00  Extractor  
  123  8:02  Hydralisk  
  123  8:03  Roach x2  
  128  8:06  Overlord x7  
  128  8:07  Overseer, Overlord  
  128  8:08  Overseer  
  128  8:15  Hive  
  128  8:35  Roach, Hydralisk x3  
  128  8:36  Roach x7, Hydralisk x2  
  128  8:37  Roach x2  
  154  9:13  Roach, Hydralisk x2  
  154  9:14  Roach x3, Hydralisk x3  
  154  9:15  Roach x3, Hydralisk x3  
  154  9:16  Roach x3  
  186  9:25  Drone x3  
  177  9:53  Zerg Missile Weapons Level 3  
  177  9:54  Zerg Ground Armor Level 3  
  177  9:56  Lurker Den  
  177  10:02  Drone x2  
  177  10:03  Drone  
  177  10:04  Drone x3  
  177  10:05  Drone  
  184  10:32  Overseer  
  184  10:36  Overlord x3  
  184  10:48  Drone x3  
  184  10:49  Drone  
  188  10:50  Roach, Hydralisk x2  
  188  10:51  Roach  
  194  11:04  Extractor, Hatchery  
  194  11:07  Spine Crawler  
  194  11:09  Spore Crawler, Extractor  
  189  11:25  Adrenal Glands  
  189  11:58  Hydralisk  
  189  11:59  Roach x2, Hydralisk  
  189  12:00  Roach  
  199  12:06  Glial Reconstitution  
  187  12:39  Hydralisk x3  
  187  12:40  Roach x2, Hydralisk  
  149  13:21  Roach, Hydralisk x5  
  149  13:22  Roach x3, Hydralisk x4  
  149  13:23  Roach x5, Hydralisk x5  
  149  13:24  Roach x2  
  149  13:25  Tunneling Claws  
  199  13:38  Zerg Melee Weapons Level 1  
  199  13:44  Hatchery  
  198  14:49  Roach  
Show
View Real Time Build Order
Export as new Build Order

Juxtapose Protoss 

Build Orders: Oracle Opening 

Get SALT Encoding   

  12  0:01  Probe (Chrono Boost)  
  13  0:12  Probe (Chrono Boost)  
  14  0:25  Pylon  
  14  0:26  Probe (Chrono Boost)  
  15  0:43  Probe (Chrono Boost)  
  15  0:46  Gateway  
  16  0:54  Probe (Chrono Boost)  
  17  1:02  Pylon  
  17  1:04  Probe (Chrono Boost)  
  18  1:15  Probe (Chrono Boost)  
  18  1:18  Assimilator  
  19  1:25  Pylon  
  19  1:26  Probe (Chrono Boost)  
  20  1:36  Probe (Chrono Boost)  
  20  1:37  Cybernetics Core  
  21  1:51  Zealot  
  23  2:00  Probe (Chrono Boost), Assimilator  
  24  2:05  Pylon  
  24  2:11  Probe (Chrono Boost)  
  25  2:42  Stargate  
  25  2:48  Gateway  
  25  2:49  Gateway  
  25  2:51  Warp Gate (Chrono Boost)  
  25  3:14  Nexus  
  25  3:15  Pylon  
  25  3:17  Pylon  
  25  3:26  Oracle (Chrono Boost)  
  28  3:36  Zealot  
  28  3:37  Zealot x2  
  34  4:00  Oracle (Chrono Boost)  
  37  4:08  Zealot x2  
  41  4:10  Zealot  
  41  4:16  Mothership Core  
  45  4:24  Twilight Council  
  45  4:37  Probe  
  46  4:48  Probe  
  46  4:51  Robotics Facility  
  47  4:58  Probe  
  45  5:09  Probe  
  46  5:23  Charge (Chrono Boost)  
  46  5:26  Void Ray  
  50  5:29  Probe  
  50  5:32  Probe  
  50  5:35  Assimilator  
  52  5:37  Assimilator  
  52  5:40  Probe  
  53  5:44  Probe  
  54  5:51  Stalker x2  
  58  6:07  Immortal  
  58  6:09  Probe  
  63  6:20  Probe x2  
  65  6:30  Probe  
  65  6:32  Probe  
  67  6:40  Stalker  
  67  6:41  Stalker  
  67  6:42  Stalker  
  73  6:49  Observer  
  74  6:57  Probe  
  74  6:58  Probe, Gateway  
  74  7:00  Gateway  
  76  7:05  Pylon  
  76  7:08  Probe, Pylon  
  76  7:10  Probe  
  76  7:12  Forge  
  78  7:32  Sentry x2  
  78  7:33  Sentry  
  78  7:36  Probe  
  85  7:44  Void Ray  
  85  7:46  Probe  
  90  7:57  Probe  
  91  8:09  Nexus  
  91  8:10  Pylon, Protoss Ground Weapons Level 1  
  91  8:12  Pylon  
  91  8:27  Pylon  
  91  8:28  Immortal  
  88  9:06  Warp Prism  
  68  9:19  Zealot x3  
  68  9:23  Zealot x2  
  48  9:43  Immortal  
  46  9:58  Stalker  
  46  9:59  Stalker x4  
  56  10:00  Mothership Core  
  58  10:11  Blink (Chrono Boost)  
  62  10:32  Protoss Ground Armor Level 1  
  62  10:39  Robotics Bay  
  62  10:41  Zealot x3  
  62  10:42  Zealot x2  
  72  10:43  Immortal  
  66  11:08  Zealot x2  
  66  11:09  Zealot x2  
  74  11:13  Nexus  
  74  11:15  Pylon  
  74  11:17  Pylon  
  74  11:35  Sentry x3  
  80  11:43  Disruptor  
  83  11:49  Zealot x2  
  87  12:08  Stalker  
  87  12:09  Stalker  
  87  12:10  Stalker  
  93  12:18  Disruptor  
  93  12:19  Extended Thermal Lance  
  96  12:44  Zealot x4  
  63  13:00  Zealot  
  39  13:14  Zealot x3  
  39  13:15  Zealot  
  39  13:19  Probe  
  20  13:30  Probe  
  21  13:40  Probe  
  19  13:51  Probe  
  20  14:01  Probe  
  20  14:03  Gateway  
  20  14:08  Gateway  
  21  14:11  Mothership Core  
  23  14:18  Pylon  
  23  14:22  Cybernetics Core  
  16  14:36  Probe  
  15  14:47  Probe  
  16  14:59  Probe  
  17  15:09  Probe  
  18  15:15  Zealot  
  18  15:16  Zealot  
  18  15:20  Probe, Assimilator  
  22  15:23  Assimilator  
  22  15:25  Pylon  
  23  15:31  Probe  
Tags
 
Add a new tag
Caveats
  • Supply blocks, unpowered buildings, or Contaminate may cause inaccurate times.
  • Supply counts are checked every 10 seconds.